 Dungeon Crawl Stone Soup version 0.25-a0-766-g0ecfff5982 (webtiles) character file.

Game seed: 12580319211576918917, levelgen mode: classic

18044 Amnesiac the Geomancer (level 12, -17/101 HPs)
             Began as a Troll Earth Elementalist on Apr 13, 2020.
             Was a High Priest of Vehumet.
             Demolished by an orc warrior
             ... wielding a +0 glaive
             ... led by an orc knight
              (28 damage)
             ... on level 2 of the Orcish Mines.
             The game lasted 00:32:35 (12449 turns).

Amnesiac the Geomancer (Troll Earth Elementalist)  Turns: 12449, Time: 00:32:35

Health: -17/101    AC: 10    Str: 21    XL:     12   Next: 24%
Magic:  20/20      EV: 10    Int: 15    God:    Vehumet [*****.]
Gold:   1300       SH:  4    Dex: 10    Spells: 6/24 levels left

rFire    . . .     SeeInvis .   E - +11 shortbow "Pendulum" {speed, rN+}
rCold    + . .     Gourm    +   (shield currently unavailable)
rNeg     + . .     Faith    .   j - +0 steam dragon scales
rPois    .         Spirit   .   (helmet restricted)
rElec    .         Reflect  .   i - +0 cloak
rCorr    .         Harm     +   (gloves unavailable)
MR       +....                  (boots unavailable)
Stlth    +.........             h - amulet of harm
HPRegen  0.66/turn              F - ring of protection from cold
MPRegen  0.17/turn              e - ring of flight

@: no status effects
A: large, unfitting armour, claws 3, large bone plates 1, fast metabolism 3,
gourmand, magic resistance 1, regeneration 1, shaggy fur 1, strong 1, tough skin
3
a: Renounce Religion, Evoke Flight


You were on level 2 of the Orcish Mines.
You worshipped Vehumet.
Vehumet was extremely pleased with you.
You were completely stuffed.

You visited 3 branches of the dungeon, and saw 14 of its levels.

You collected 1300 gold pieces.

Inventory:

Hand Weapons
 a - a +3 dagger of pain
 r - a +0 dagger of venom
 E - the +11 shortbow "Pendulum" (weapon) {speed, rN+}
   (You found it on level 6 of the Dungeon)

   Attacks with this weapon are significantly faster.
   It protects you from negative energy.
Missiles
 b - 206 stones
 l - 54 arrows (quivered)
 t - 44 poisoned darts
Armour
 i - a +0 cloak (worn)
 j - +0 steam dragon scales (worn)
 w - a scarf of spirit shield
 x - a scarf of cloud immunity
 K - a +2 robe of magic resistance
Jewellery
 e - a ring of flight (right claw)
 h - an amulet of harm (around neck)
 B - an uncursed amulet of guardian spirit
 F - a ring of protection from cold (left claw)
 H - an uncursed ring of poison resistance {unknown}
 I - an uncursed ring of ice
Wands
 m - a wand of enslavement (6)
 p - a wand of digging (6)
 s - a wand of clouds (5)
 A - a wand of acid (12)
 D - a wand of iceblast (15)
 J - a wand of random effects (18)
 M - a wand of flame (20)
Scrolls
 f - 2 scrolls of amnesia {!r}
 k - 4 scrolls of enchant armour {!r}
 o - 5 scrolls of remove curse {!r}
 q - a scroll of teleportation {!r}
 v - 2 scrolls of enchant weapon {!r}
 y - 5 scrolls of identify {!r}
 L - a scroll of magic mapping {!r, unknown}
Potions
 c - a potion of mutation {!q}
 g - 6 potions of lignification {!q}
 n - a potion of might {!q}
 u - a potion of magic {!q}
 z - a potion of resistance {!q}
 C - 2 potions of heal wounds {!q}
 G - a potion of ambrosia {!q}
Comestibles
 d - 23 rations
 N - 7 chunks of flesh


   Skills:
 - Level 2.0 Fighting
 - Level 1.0 Short Blades
 * Level 7.8 Bows
 - Level 1.5 Dodging
 - Level 1.0 Stealth
 - Level 6.5 Spellcasting
 - Level 0.6 Transmutations
 - Level 12.5 Earth Magic


You had 6 spell levels left.
You knew the following spells:

 Your Spells              Type           Power        Failure   Level  Hunger
a - Sandblast             Erth           #####.       1%          1    None
b - Passwall              Tmut/Erth      ###.....     1%          2    #......
c - Iron Shot             Conj/Erth      ###.......   38%         6    #######
d - Petrify               Tmut/Erth      ###.....     10%         4    ####...
e - Lee's Rapid Deconstr  Erth           #####.....   1%          5    ######.

Your spell library contained the following spells:

 Spells                   Type           Power        Failure   Level  Hunger
 Sticky Flame             Conj/Fire      #.......     32%         4    ####...
 Stone Arrow              Conj/Erth      ###...       1%          3    ##.....
 Beastly Appendage        Tmut           #.....       11%         1    None
 Conjure Flame            Conj/Fire      #.......     11%         3    ##.....
 Mephitic Cloud           Conj/Pois/Air  #.......     11%         3    ##.....
 Sticks to Snakes         Tmut           #.......     17%         2    #......
 Bolt of Magma            Conj/Fire/Erth ###.......   17%         5    ######.
 Poisonous Vapours        Pois/Air       #.....       22%         2    #......
 Spider Form              Tmut/Pois      #.........   36%         3    ##.....
 Yara's Violent Unravell  Hex/Tmut       #.........   61%         5    ######.
 Iskenderun's Battlesphe  Conj/Chrm      #.......     65%         5    ######.
 Ice Form                 Ice/Tmut       #.......     77%         4    ####...
 Cause Fear               Hex            #.........   80%         4    ####...
 Blade Hands              Tmut           #.........   97%         5    ######.
 Silence                  Hex/Air        #.........   98%         5    ######.
 Freezing Cloud           Conj/Ice/Air   #.........   99%         6    #######
 Deflect Missiles         Chrm/Air       #.........   100%        6    #######
 Orb of Destruction       Conj           #.........   100%        7    #######
 Ring of Flames           Chrm/Fire      #.........   100%        7    #######
 Spellforged Servitor     Conj/Summ      #.........   100%        7    #######
 Discord                  Hex            #.........   100%        8    #######


Dungeon Overview and Level Annotations

Branches:
Dungeon (11/15)            Temple (1/1) D:4            Lair (0/6) D:9
    Orc (2/2) D:9
    Elf: Orc:2

Altars:
Ashenzari
Cheibriados
Dithmenos
Elyvilon
Fedhas
Gozag
Hepliaklqana
Kikubaaqudgha
Makhleb
Nemelex Xobeh
Okawaru
Qazlal
Ru
Sif Muna
Trog
Uskayaw
Vehumet
Wu Jian
Xom
Yredelemnul
Zin
The Shining One

Shops:
D:9 [(   D:10 [

Portals:
Abyss: D:10

Annotations:
D:10 2 transporters, Zorot's ghost, journeyman DEVM


Innate Abilities, Weirdness & Mutations

You are too large for most types of armour.
You have claws for hands.
Your metabolism is lightning-fast.
You like to eat raw meat.
Your natural rate of healing is unusually fast.
You are covered in fur. (AC +1)
You have extremely tough skin. (AC +3)
You are partially covered in large bone plates. (SH +4)
You are resistant to hostile enchantments. (MR+)
Your muscles are strong. (Str +2)


Message History

Press: ? - help, Shift-Dir - straight line, f/p - orc warrior
Aim: an orc warrior, wielding a +0 glaive and wearing a +0 chain mail (severely wounded)
You shoot an arrow. The arrow hits the orc warrior.
The orc warrior is severely wounded.
Firing (i - inventory. (/) - cycle)
l - 62 arrows (quivered)
Press: ? - help, Shift-Dir - straight line, f/p - orc warrior
Aim: an orc warrior, wielding a +0 glaive and wearing a +0 chain mail (severely wounded)
You shoot an arrow.
The arrow hits the orc warrior but does no damage.
The orc warrior is severely wounded.
The orc warrior hits you from afar with a +0 glaive.
Firing (i - inventory. (/) - cycle)
l - 61 arrows (quivered)
Press: ? - help, Shift-Dir - straight line, f/p - orc warrior
Aim: an orc warrior, wielding a +0 glaive and wearing a +0 chain mail (severely wounded)
You shoot an arrow. The arrow hits the warg!
The warg is heavily wounded.
The warg bites you but does no damage.
Firing (i - inventory. (/) - cycle)
l - 60 arrows (quivered)
Press: ? - help, Shift-Dir - straight line, f/p - warg
Aim: a warg (heavily wounded)
You shoot an arrow. The arrow hits the warg.
The warg is severely wounded.
The orc warrior barely misses you.
Firing (i - inventory. (/) - cycle)
l - 59 arrows (quivered)
Press: ? - help, Shift-Dir - straight line, f/p - warg
Aim: a warg (severely wounded)
You shoot an arrow. The arrow hits the warg.
The warg is almost dead.
The warg completely misses you.
The orc knight roars a battlecry!
The orc warriors go into a battle-frenzy!
Firing (i - inventory. (/) - cycle)
l - 58 arrows (quivered)
Press: ? - help, Shift-Dir - straight line, f/p - warg
Aim: a warg (almost dead)
You shoot an arrow.
The arrow hits the warg but does no damage.
The warg is almost dead.
The warg bites you but does no damage.
The orc warrior hits you from afar with a +0 glaive!
The orc warrior hits you with a +0 battleaxe!
The warg misses you.
Firing (i - inventory. (/) - cycle)
l - 57 arrows (quivered)
Press: ? - help, Shift-Dir - straight line, f/p - warg
Aim: a warg (almost dead)
You shoot an arrow. The arrow hits the warg!
You kill the warg!
Vehumet accepts your kill.
Firing (i - inventory. (/) - cycle)
l - 56 arrows (quivered)
Press: ? - help, Shift-Dir - straight line, f - orc warrior
Aim: an orc warrior, wielding a +0 battleaxe and wearing a +0 plate armour (unusually strong)
You shoot an arrow. The arrow hits the orc warrior.
The orc warrior is moderately wounded.
The orc warrior hits you with a +0 hand axe.
The orc warrior hits you with a +0 battleaxe!!
* * * LOW HITPOINT WARNING * * *
Firing (i - inventory. (/) - cycle)
l - 55 arrows (quivered)
Press: ? - help, Shift-Dir - straight line, f/p - orc warrior
Aim: an orc warrior, wielding a +0 hand axe and wearing a +0 plate armour (moderately wounded, unusually strong)
You shoot an arrow. The arrow hits the orc warrior.
The orc warrior is heavily wounded.
The orc warrior hits you from afar with a +0 glaive!
* * * LOW HITPOINT WARNING * * *
The orc warrior hits you from afar with a +0 glaive!!
You die...

. #...##.## ....#..#....#
((.(((((((..##
..........(..##
.#.......o#...#
#.........#..##
.......#..oo...#
.........#..o.##
..........#.@.#
.............##
.........## .....##...##
#...#.....##
.#....#.#...####
..............####..##.##
................##......#
....................##.##


You could see an orc knight and 3 orc warriors.

Vanquished Creatures
  Snorg (Orc:1)
  Josephine (D:10)
  Fannar (D:11)
  Harold (D:7)
  Erica (Orc:1)
  A two-headed ogre (Orc:1)
  An orc high priest (Orc:1)
  Pikel (D:7)
  An orc knight (Orc:1)
  An ugly thing (D:11)
  2 gargoyles (D:11)
  Maggie (D:7)
  4 trolls
  4 hippogriffs
  4 wraiths (D:10)
  A human (D:7)
  6 yaks
  A wyvern (D:8)
  3 hogs (D:7)
  Menkaure (D:6)
  A warg (Orc:2)
  A water moccasin (D:10)
  A hornet zombie (D:11)
  9 orc warriors
  4 sky beasts
  4 slaves (D:7)
  An ice beast (D:9)
  10 ogres
  2 wolves (D:9)
  3 centaurs
  6 big kobolds
  7 bullfrogs
  A wyvern zombie (D:9)
  A water moccasin zombie (D:7)
  2 scorpions
  6 killer bees
  16 wights
  2 electric eels (D:9)
  5 howler monkeys
  4 crimson imps
  A quasit (D:11)
  A bullfrog zombie (D:11)
  15 hounds
  2 centaur skeletons (D:10)
  A bullfrog skeleton (D:6)
  5 orc priests
  Jessica (D:7)
  4 iguanas
  13 orc wizards
  6 worker ants
  A hound zombie (D:5)
  2 hound skeletons
  A howler monkey skeleton (D:10)
  9 gnolls
  11 adders
  A shadow imp (D:7)
  An adder zombie (D:8)
  3 adder skeletons
  A worm (D:2)
  A dart slug (D:1)
  6 leopard geckos
  42 orcs
  8 bats
  7 giant cockroaches
  11 goblins
  4 hobgoblins
  10 jackals
  5 quokkas
  3 frilled lizards
  31 kobolds
  2 leopard gecko skeletons
  7 rats
339 creatures vanquished.

Vanquished Creatures (others)
  A bullfrog skeleton (D:7)
1 creature vanquished.

Grand Total: 340 creatures vanquished

Notes
Turn   | Place    | Note
-------+----------+-------------------------------------------
     0 | D:1      | Amnesiac the Troll Earth Elementalist began the quest for
                  | the Orb.
     0 | D:1      | Reached XP level 1. HP: 16/16 MP: 1/1
   284 | D:1      | Reached skill level 3 in Earth Magic
   315 | D:1      | Reached XP level 2. HP: 24/24 MP: 3/3
   327 | D:1      | Learned a level 2 spell: Passwall
   398 | D:2      | Reached XP level 3. HP: 12/31 MP: 0/4
   743 | D:5      | Entered Level 5 of the Dungeon
   868 | D:4      | Reached skill level 4 in Earth Magic
   868 | D:4      | Reached XP level 4. HP: 26/39 MP: 1/5
   973 | D:4      | Reached XP level 5. HP: 24/45 MP: 0/7
  1043 | D:4      | Learned a level 5 spell: Lee's Rapid Deconstruction
  1310 | D:4      | Found a staircase to the Ecumenical Temple.
  1323 | D:4      | Noticed an ogre
  1331 | D:4      | Killed an ogre
  1331 | D:4      | Reached skill level 5 in Earth Magic
  1331 | D:4      | Reached XP level 6. HP: 53/53 MP: 3/8
  1813 | Temple   | Entered the Ecumenical Temple
  1871 | Temple   | Became a worshipper of Vehumet
  2575 | D:2      | Found a stormy altar of Qazlal.
  3289 | D:3      | Reached skill level 1 in Short Blades
  3558 | D:3      | Found a blossoming altar of Fedhas.
  3836 | D:5      | Reached * piety under Vehumet
  3836 | D:5      | Offered knowledge of Freeze by Vehumet.
  3862 | D:5      | Reached skill level 6 in Earth Magic
  3862 | D:5      | Reached XP level 7. HP: 42/61 MP: 7/10
  3865 | D:5      | Learned a level 1 spell: Freeze
  3932 | D:5      | Reached skill level 1 in Fighting
  4519 | D:6      | Noticed Menkaure
  4525 | D:6      | Killed Menkaure
  4525 | D:6      | Reached skill level 7 in Earth Magic
  4538 | D:6      | Got an ivory shortbow
  4579 | D:6      | Reached XP level 8. HP: 55/71 MP: 4/12
  4678 | D:6      | Found a bloodstained altar of Trog.
  4781 | D:6      | Reached skill level 8 in Earth Magic
  4955 | D:6      | Offered knowledge of Shock by Vehumet.
  4998 | D:6      | Reached ** piety under Vehumet
  5065 | D:6      | Learned a level 4 spell: Petrify
  5643 | D:7      | Noticed Pikel
  5674 | D:7      | Killed Pikel
  5674 | D:7      | Reached skill level 9 in Earth Magic
  5674 | D:7      | Reached XP level 9. HP: 37/79 MP: 2/14
  5821 | D:7      | Found a basalt altar of Yredelemnul.
  6000 | D:7      | Noticed Maggie
  6039 | D:7      | Noticed Harold
  6111 | D:8      | Reached skill level 10 in Earth Magic
  6229 | D:8      | Offered knowledge of Ignite Poison by Vehumet.
  6229 | D:8      | Reached skill level 5 in Spellcasting
  6252 | D:8      | Found a white marble altar of Elyvilon.
  6593 | D:8      | Reached *** piety under Vehumet
  6594 | D:8      | Reached XP level 10. HP: 49/87 MP: 4/16
  6881 | D:7      | Reached skill level 11 in Earth Magic
  7234 | D:7      | Offered knowledge of Hailstorm by Vehumet.
  7429 | D:7      | Gained mutation: Your muscles are strong. (Str +2) [potion
                  | of mutation]
  7429 | D:7      | Gained mutation: You are partially covered in large bone
                  | plates. (SH +4) [potion of mutation]
  7429 | D:7      | Gained mutation: You are resistant to hostile enchantments.
                  | (MR+) [potion of mutation]
  7503 | D:7      | Noticed Jessica
  7505 | D:7      | Killed Jessica
  7518 | D:7      | Found a shimmering blue altar of Sif Muna.
  7548 | D:7      | Killed Maggie
  7557 | D:7      | Killed Harold
  7557 | D:7      | Reached skill level 12 in Earth Magic
  7832 | D:9      | Found an opulent altar of Gozag.
  7847 | D:9      | Learned a level 6 spell: Iron Shot
  7962 | D:9      | Found Jeepysm's Weapon Shop.
  7962 | D:9      | Found a staircase to the Orcish Mines.
  7962 | D:9      | Found Tawefu Jyhus's Armour Shop.
  8028 | D:8      | Identified the +11 shortbow "Pendulum" {speed, rN+} (You
                  | found it on level 6 of the Dungeon)
  8611 | D:9      | Reached **** piety under Vehumet
  8625 | D:9      | Offered knowledge of Iskenderun's Mystic Blast by Vehumet.
  8645 | D:9      | Found a shattered altar of Ashenzari.
  8714 | D:9      | Reached skill level 1 in Bows
  8870 | D:9      | Reached XP level 11. HP: 85/93 MP: 19/19
  8871 | D:9      | Found a staircase to the Lair.
  9190 | D:9      | Reached ***** piety under Vehumet
  9211 | D:9      | Found an iron altar of Okawaru.
  9268 | D:10     | Entered Level 10 of the Dungeon
  9271 | D:10     | Offered knowledge of Sticky Flame by Vehumet.
  9302 | D:10     | Found a transporter.
  9315 | D:10     | Found a transporter.
  9316 | D:10     | Found a one-way gate to the infinite horrors of the Abyss.
  9316 | D:10     | Noticed Zorot's ghost (journeyman DEVM)
  9806 | D:10     | Noticed Josephine
 10149 | D:10     | Noticed a hell hog
 10207 | D:10     | Killed Josephine
 10434 | D:10     | Found Valy's Antique Armour Boutique.
 10935 | D:11     | Noticed a red ugly thing
 10943 | D:11     | Killed a red ugly thing
 11078 | D:11     | Noticed Fannar
 11090 | D:11     | Killed Fannar
 11090 | D:11     | Reached skill level 5 in Bows
 11650 | Orc:1    | Entered Level 1 of the Orcish Mines
 11673 | Orc:1    | Noticed an orc knight
 11689 | Orc:1    | Killed an orc knight
 11695 | Orc:1    | Noticed a two-headed ogre
 11705 | Orc:1    | Killed a two-headed ogre
 11744 | Orc:1    | Reached XP level 12. HP: 83/101 MP: 20/20
 11797 | Orc:1    | Noticed an orc high priest
 11802 | Orc:1    | Killed an orc high priest
 11833 | Orc:1    | Noticed Snorg
 11841 | Orc:1    | Killed Snorg
 11925 | Orc:1    | Noticed Erica
 11930 | Orc:1    | Killed Erica
 12328 | Orc:2    | Entered Level 2 of the Orcish Mines
 12449 | Orc:2    | Demolished by an orc warrior

Levels and vault maps discovered:
D:1:      dpeg_arrival_rooms_with_view, layout_loops_corners
D:2:      layout_basic, nicolae_overflow_crystal_walls, first_ration
D:3:      layout_rooms, fedhas_altar_3, minivault_4
D:4:      layout_loops_ring, temple_statues
D:5:      layout_gridville
D:6:      layout_rooms, chequers_jeans, trog_book, uniq_menkaure
D:7:      layout_loops_ring, lemuel_coloured_pillars_altar, tgw_sif,
          serial_glass, glass_columns_a, glass_columns_a, grunt_livestock,
          minmay_misc_feat_iff, uniq_harold, uniq_maggie, uniq_pikel
D:8:      layout_loops_cross, lemuel_crystal_altar
D:9:      layout_rooms, kennysheep_okawaru_gauntlet, kennysheep_mini_moat,
          erik_lair_island, orc_david_3, basic_altar
D:10:     layout_layer_cave, serial_shops, shop, gammafunk_ghost_abyssal_escape,
          uniq_josephine
D:11:     layout_basic, minmay_crystal_water, kennysheep_generic_room_15,
          uniq_fannar
Temple:   eino_wide_crystal_templ
Orc:1:    layout_caves, library_closet, uniq_snorg, uniq_erica
Orc:2:    st_orc_open, layout_caves, serial_shops, nicolae_shop_crystal,
          uniq_donald

Skill      XL: |  1  2  3  4  5  6  7  8  9 10 11 12 |
---------------+-------------------------------------+-----
Earth Magic    | 3 4 5 6 7 9 10 12 | 12.5
Spellcasting   | 2 3 4 5 6 |  6.5
Short Blades   | 1 |  1.0
Fighting       | 1 2 |  2.0
Bows           | 1 6 7 |  7.8
Dodging        | |  1.5
Stealth        | |  1.0
Transmutations | |  0.6

Action                   |  1- 3 |  4- 6 |  7- 9 | 10-12 || total
-------------------------+-------+-------+-------+-------++-------
Melee: Unarmed           |    91 |       |     1 |       ||    92
       Dagger            |    12 |   227 |   227 |    66 ||   532
 Fire: Shortbow          |       |       |       |   456 ||   456
 Cast: Sandblast         |    11 |    54 |   127 |    46 ||   238
       Passwall          |       |     4 |     1 |     2 ||     7
       Lee's Rapid Decon |       |       |    11 |    27 ||    38
       Petrify           |       |       |     1 |     9 ||    10
 Abil: Evoke Flight      |       |       |       |     1 ||     1
Evoke: Wand              |       |       |     5 |    15 ||    20
  Use: Scroll            |       |     7 |     9 |     4 ||    20
       Potion            |       |       |     6 |     8 ||    14
 Stab: Sleeping          |       |     1 |     1 |       ||     2
       Paralysed         |       |       |     9 |       ||     9
       Distracted        |       |       |     1 |       ||     1
  Eat: Chunk             |    13 |    29 |    31 |    64 ||   137
Armor: Robe              |    51 |    95 |   120 |    30 ||   296
       Steam dragon scal |       |       |       |    45 ||    45
       Skin              |       |       |       |     4 ||     4
Dodge: Dodged            |    56 |   136 |   169 |    88 ||   449
Block: Other             |       |       |       |    26 ||    26

Table legend:
 A = Non-vault XP
 B = Vault XP
 C = Vault XP percentage of total XP
 D = Non-vault monster count
 E = Vault monster count
 F = Vault count percentage of total count
                 A         B        C        D         E       F
            +---------+---------+-------+---------+---------+-------
      Total |   16592 |    9186 |  35.6 |     297 |      39 |  11.6
            +---------+---------+-------+---------+---------+-------
        D:1 |      25 |       4 |  13.8 |      12 |       2 |  14.3
        D:2 |     141 |       0 |   0.0 |      22 |       0 |   0.0
        D:3 |      43 |       0 |   0.0 |      18 |       0 |   0.0
        D:4 |     348 |       0 |   0.0 |      19 |       0 |   0.0
        D:5 |     617 |       0 |   0.0 |      16 |       0 |   0.0
        D:6 |    1167 |     175 |  13.0 |      24 |       1 |   4.0
        D:7 |    1304 |    3097 |  70.4 |      27 |       9 |  25.0
        D:8 |    2171 |       0 |   0.0 |      30 |       0 |   0.0
        D:9 |    1912 |     797 |  29.4 |      47 |      18 |  27.7
       D:10 |    1652 |    1928 |  53.9 |      30 |       5 |  14.3
       D:11 |    2965 |    1094 |  27.0 |      23 |       2 |   8.0
      Orc:1 |    3829 |    2091 |  35.3 |      24 |       2 |   7.7
      Orc:2 |     418 |       0 |   0.0 |       5 |       0 |   0.0
            +---------+---------+-------+---------+---------+-------
